 Seeded DCSS version 0.31-a0-1287-g2f004bd (webtiles) character file.

Game seed: 5174039148915690263 (custom seed)

97 brinewave the Trooper (level 4, -6/33 HPs)
             Began as an Octopode Cinder Acolyte on Dec 17, 2023.
             Was a High Priest of Ignis.
             Mangled by a scorpion (8 damage)
             ... on level 5 of the Dungeon.
             The game lasted 00:09:10 (2170 turns).

brinewave the Trooper (Octopode Cinder Acolyte)     Turns: 2170, Time: 00:09:12

Health: -6/33      AC:  1    Str: 19    XL:     4   Next: 68%
Magic:  7/7        EV: 12    Int: 18    God:    Ignis [*****.]
Gold:   118        SH:  0    Dex:  7    Spells: 5/7 levels left

rFire   + . .        m - +2 broad axe (heavy)
rCold   . . .        (no shield)
rNeg    . . .        (helmet restricted)
rPois   .            (no amulet)
rElec   .            d - +6 ring of strength
rCorr   .            (no ring)
SInv    .            (no ring)
Will    .....        (no ring)
Stlth   ++           (no ring)
HPRegen 0.25/turn    (no ring)
MPRegen 0.10/turn    (no ring)
                     (no ring)

%: no passive effects
@: lethally poisoned (-6 -> -8)
A: almost no armour, amphibious, 8 rings, camouflage 1, gelatinous body 1,
(nimble swimmer 1), tentacles
a: Renounce Religion, Fiery Armour, Foxfire Swarm, Rising Flame


You were on level 5 of the Dungeon.
You worshipped Ignis.
Ignis was extremely pleased with you.
You visited 1 branch of the dungeon, and saw 4 of its levels.

You collected 118 gold pieces.

Inventory:

Hand Weapons
 a - a -1 falchion of flaming
 f - a +2 dagger of pain
 i - a +0 sling
 k - a +0 mace
 m - a +2 heavy broad axe (weapon)
Missiles
 c - 27 stones
Jewellery
 d - a +6 ring of strength (left tentacle)
Scrolls
 b - a scroll of blinking
 e - a scroll of vulnerability {unknown}
 g - 4 scrolls of teleportation
 h - a scroll of immolation
 l - a scroll of silence {unknown}
Potions
 j - 2 potions of curing {unknown}


   Skills:
 + Level 3.7 Fighting
 - Level 3.4 Long Blades
 + Level 1.0 Axes
 + Level 2.0 Spellcasting
 + Level 3.6 Fire Magic


You had 5 spell levels left.
You knew the following spells:

 Your Spells              Type           Power      Damage    Failure   Level
a - Scorch                Fire           28%        2d6       6%          2

Your spell library contained the following spells:

 Spells                   Type           Power      Damage    Failure   Level
 Flame Wave               Conj/Fire      8%         2d5       63%         4
 Summon Cactus Giant      Summ           0%         N/A       100%        6


Dungeon Overview and Level Annotations

Branches:
Dungeon (5/15)
 Temple: D:4-7

Altars:

Annotations:
D:3 Sigmund
D:5 exclusion: sleepcap


Innate Abilities, Weirdness & Mutations

You cannot wear most types of armour.
You are amphibious.
You can wear up to eight rings at the same time.
Your skin changes colour to match your surroundings (Stealth+).
Your rubbery body absorbs attacks. (AC +1, EV +1)
((You are camouflaged when in or above water. (Stealth+)))
You have tentacles for arms and can constrict up to eight enemies at once.


Message History

Your Axes skill increases to level 1!
Your Spellcasting skill increases to level 2!
Found a glowing broad axe.
You see here a +2 heavy broad axe.
m - a +2 heavy broad axe Your -1 falchion of flaming stops flaming.
m - a +2 heavy broad axe (weapon)
An orc comes into view. It is wielding a +0 whip.
You hear the slow rusting of a drain.
The helpless orc fails to defend itself.
You slash the orc! You grab the orc.
The orc is almost dead.
You constrict the orc!
You kill the orc!
Things that are here:
a +0 whip; an orc corpse HP restored.
A scorpion comes into view.
Found a stone staircase leading down.
Found 3 stones and 8 gold pieces.
You barely miss the scorpion. Your grab misses the scorpion.
The scorpion closely misses you. x3
You closely miss the scorpion. Your grab misses the scorpion.
The scorpion closely misses you. x2; The scorpion completely misses you.
You hit the scorpion but do no damage. You grab the scorpion.
You constrict the scorpion, but do no damage.
The scorpion stings you. x2
You are poisoned.
The scorpion poisons you! The scorpion stings you.
You hit the scorpion but do no damage. You constrict the scorpion.
You feel very sick. The scorpion stings you. The scorpion stings you!
* * * LOW HITPOINT WARNING * * *
You hit the scorpion but do no damage.
The scorpion is moderately wounded.
You constrict the scorpion.
* * * LOW HITPOINT WARNING * * *
You feel sick. The scorpion misses you. The scorpion closely misses you.
The scorpion stings you!
You die...

. #.# . ... #. #.# .
###.###.# . #.....>.#
#.......############
#.................)###
#(......##########...#
#.....s@# ###.##
#######.# #..## #.#
###... #$# #..... #.#
#.#### #.# ### #.# #.#


You could see a scorpion.

Vanquished Creatures
  A hound (D:5)
  An adder (D:2)
  A worm (D:2)
  An orc (D:5)
  6 ball pythons
  3 endoplasms
  6 giant cockroaches
  4 goblins
  5 hobgoblins (D:1)
  3 jackals (D:1)
  A quokka (D:2)
  3 bats
  9 frilled lizards
  6 kobolds
  4 rats
54 creatures vanquished.

Notes
Turn   | Place    | Note
-------+----------+-------------------------------------------
     0 | D:1      | brinewave the Octopode Cinder Acolyte began the quest for
                  | the Orb.
     0 | D:1      | Reached XP level 1. HP: 16/16 MP: 2/2
   126 | D:1      | Reached XP level 2. HP: 19/21 MP: 3/3
   177 | D:1      | Learned a level 2 spell: Scorch
   461 | D:1      | Reached XP level 3. HP: 26/26 MP: 5/5
  1099 | D:2      | Reached XP level 4. HP: 28/31 MP: 6/6
  1807 | D:3      | Noticed Sigmund
  2094 | D:3      | You fall into a shaft and drop 2 floors!
  2094 | D:5      | Entered Level 5 of the Dungeon
  2121 | D:5      | Reached skill level 1 in Axes
  2161 | D:5      | Noticed a scorpion
  2170 | D:5      | Mangled by a scorpion

Illustrated notes

Levels and vault maps discovered:
D:1:      lightli_arrival_windingriver, layout_rooms
D:2:      layout_loops_corners, minmay_statues_item
D:3:      layout_basic, nicolae_ecumenical_lake_church, uniq_sigmund
D:5:      layout_rooms, gup_sewer_entry_bubbles, minmay_starry_boxes

Skill      XL: |  1  2  3  4 |
---------------+-------------+-----
Axes           | 1 |  1.0
Spellcasting   | 2 |  2.0
Fighting       | |  3.7
Long Blades    | |  3.4
Fire Magic     | |  3.6

Action                     |  1- 3 |  4- 6 || total
---------------------------+-------+-------++-------
  Melee: Falchion          |    95 |    29 ||   124
         Constrict         |    20 |     7 ||    27
         Tentacles         |    10 |     1 ||    11
         Broad axe         |       |     6 ||     6
   Cast: Scorch            |     1 |     1 ||     2
    Use: Scroll            |     1 |     2 ||     3
   Stab: Sleeping          |       |     4 ||     4
 Armour: Skin              |    37 |    21 ||    58
  Dodge: Dodged            |    63 |    27 ||    90

Table legend: (Time is in decaauts)
 A = Elapsed time spent in this place.
 B = Non-inter-level travel time spent in this place.
 C = Inter-level travel time spent in this place.
 D = Time resting spent in this place.
 E = Time spent auto-exploring this place.
 F = Levels seen in this place.
 G = Mean time per level.
                   A        B        C        D        E       F      G
               +--------+--------+--------+--------+--------+-----+--------+
         Total |   2191 |   2066 |    125 |    102 |   1347 |   4 |  547.8 |
       Dungeon |   2191 |   2066 |    125 |    102 |   1347 |   4 |  547.8 |
               +--------+--------+--------+--------+--------+-----+--------+

Top non-repeatable levels by time:
     D:2: 1026 daAuts
     D:1: 718 daAuts
     D:3: 363 daAuts
     D:5: 82 daAuts
